Map: White Rabbit LE

Players

Maru

  • Race: Terran Terran

Reynor - Winner!

  • Race: Zerg Zerg

VOD

Have the link to the VOD?

Description

Time

  • Played on: Jan. 17, 2026, 4:13 a.m.
  • Length: 6:47
Show
View Real Time Build Order
Export as new Build Order

Maru Terran 

Build Orders: Reaper Expand 

Get SALT Encoding   

  12  0:00  SCV  
  13  0:12  SCV  
  14  0:17  Supply Depot  
  14  0:24  SCV  
  15  0:38  SCV  
  15  0:39  Barracks  
  15  0:42  Refinery  
  16  0:50  SCV  
  17  1:02  SCV  
  18  1:14  SCV  
  19  1:26  Reaper, Orbital Command  
  20  1:37  Command Center  
  20  1:48  Supply Depot  
  20  1:52  SCV  
  21  1:58  Marine  
  22  2:04  SCV  
  23  2:12  Factory  
  23  2:16  SCV  
  23  2:18  Marine  
  25  2:28  SCV  
  25  2:37  Barracks Reactor  
  25  2:40  SCV  
  25  2:52  Command Center, SCV  
  26  3:04  SCV  
  27  3:10  Engineering Bay x2  
  27  3:15  Orbital Command  
  27  3:17  SCV  
  28  3:28  Hellion x2  
  28  3:29  SCV  
  33  3:37  Terran Infantry Weapons Level 1, Terran Infantry Armor Level 1  
  33  3:41  SCV  
  34  3:42  SCV  
  34  3:46  Barracks Tech Lab  
  35  3:51  Refinery  
  35  3:53  SCV  
  35  3:54  SCV  
  37  3:57  Hellion  
  37  3:58  Hellion  
  41  4:05  SCV, Orbital Command  
  41  4:06  SCV  
  43  4:13  Barracks  
  43  4:17  SCV  
  43  4:18  SCV  
  40  4:29  SCV  
  40  4:30  SCV  
  38  4:32  SCV  
  39  4:41  Marine, Stimpack, SCV  
  39  4:43  SCV  
  39  4:44  SCV  
  43  4:52  Armory  
  43  4:56  SCV x3  
  46  5:00  Supply Depot  
  46  5:07  Refinery  
  46  5:08  SCV x2  
  46  5:09  SCV, Refinery  
  49  5:17  Factory Reactor  
  49  5:19  Starport  
  49  5:20  Marine x2, SCV x2  
  53  5:21  Marine  
  53  5:25  SCV  
  55  5:30  Orbital Command  
  55  5:32  SCV  
  55  5:37  SCV, Marine x2  
  55  5:39  Marine  
  59  5:44  SCV  
  59  5:47  Supply Depot  
  59  5:49  SCV  
  61  5:55  Marine x2, SCV  
  61  5:57  SCV  
  65  6:01  SCV  
  66  6:04  Medivac  
  66  6:08  SCV  
  66  6:09  SCV  
  69  6:11  Marine  
  69  6:12  Hellion x2  
  69  6:13  Marine x2  
  73  6:24  SCV x2  
Show
View Real Time Build Order
Export as new Build Order

Reynor Zerg - Winner!

Build Orders: Pool First 

Get SALT Encoding   

  12  0:00  Drone  
  13  0:08  Drone  
  14  0:16  Overlord  
  14  0:24  Extractor, Drone  
  15  0:34  Drone  
  16  0:40  Spawning Pool  
  15  0:43  Drone  
  15  0:47  Drone  
  17  1:06  Hatchery  
  17  1:09  Drone  
  17  1:23  Extractor  
  16  1:27  Zergling x6  
  16  1:31  Queen  
  21  1:38  Overlord  
  21  1:48  Drone  
  22  1:59  Drone  
  23  2:06  Queen  
  25  2:11  Drone  
  26  2:18  Drone  
  26  2:19  Queen  
  29  2:23  Drone  
  30  2:37  Metabolic Boost  
  30  2:38  Overlord  
  30  2:39  Drone  
  30  2:42  Drone  
  30  2:46  Drone  
  30  2:47  Drone  
  30  2:50  Drone  
  32  3:04  Hatchery  
  31  3:06  Drone  
  31  3:09  Drone  
  31  3:10  Drone  
  34  3:13  Drone  
  34  3:16  Drone  
  34  3:17  Drone  
  37  3:24  Zergling x2  
  37  3:25  Zergling x6  
  41  3:28  Overlord  
  41  3:31  Zergling x2  
  41  3:33  Zergling x2  
  43  3:35  Drone  
  44  3:43  Overlord  
  44  3:46  Queen  
  44  3:48  Drone x2  
  48  3:49  Drone  
  48  3:50  Drone  
  48  3:52  Drone  
  51  3:59  Drone  
  51  4:01  Queen  
  51  4:02  Drone  
  55  4:04  Drone  
  55  4:06  Overlord  
  55  4:08  Drone  
  55  4:09  Drone  
  58  4:11  Drone  
  60  4:17  Zergling x2  
  60  4:20  Drone  
  60  4:23  Overlord, Roach Warren  
  59  4:24  Drone  
  59  4:27  Zergling x4  
  57  4:33  Zergling x4  
  57  4:34  Extractor  
  57  4:35  Extractor  
  57  4:37  Zergling x2  
  58  4:42  Zergling x2  
  58  4:43  Zergling x2  
  60  4:51  Overlord  
  60  5:04  Roach x6  
  60  5:06  Roach x3  
  78  5:08  Roach  
  78  5:10  Zergling x6  
  78  5:14  Zergling x2  
  84  5:16  Zergling x2  
  84  5:17  Zergling x2  
  86  5:22  Zergling x2  
  86  5:27  Zergling x2  
  86  5:28  Zergling x2  
  89  5:32  Zergling x2  
  89  5:33  Overlord x3  
  89  5:40  Overlord  
  89  5:52  Ravager x4  
  89  5:53  Zergling x8  
  89  5:54  Zergling x8, Ravager  
  102  6:01  Zergling x4  
  102  6:03  Ravager  
  105  6:05  Zergling x8  
  105  6:07  Hatchery  
  105  6:08  Zergling x4  
  105  6:10  Overlord  
  110  6:16  Ravager  
  108  6:20  Zergling x6  
  108  6:25  Zergling x4  
  105  6:26  Zergling x4  
  105  6:28  Zergling x4, Ravager  
  105  6:30  Ravager  
Tags
 
Add a new tag
Caveats
  • Supply blocks, unpowered buildings, or Contaminate may cause inaccurate times.
  • Supply counts are checked every 10 seconds.